wizbiz, neutral female human Wizard --------------- -------------- #-.............| |.............# #|.............| |............|### ------------- #|.............| |.............####`##.*.........*| #|.....%<......| |............| ### |.....*.....-# #-........)....| |.............#######..).--.--...|# ###---------.----- -------------- ###|...|.{.|...|# # # # #|G.*|{.{|1..|# ### # # #|...|.{.|...|# # # # #|..G-----...|# # ### # #|...*.i.....|##[### # # ### #-*...@f....*|### -.---#####)######### # ----------.--# # |...-# -[-.-.-- #### ##.^..|# |......| |....# |>...^+| ----- -------- wizbiz the Thaumaturge Experience level: 7 Strength: 10 Dexterity: 17 Constitution: 14 Intelligence: 14 Wisdom: 14 Charisma: 12 Health: 0(41) Energy: 20(56) Def: 15 Gold: 867 Moves: 5059 Dungeon seed: 0r9SACIXdZW-CBEt Game ID: wizbiz_1526005737 Your Inventory: Coins $ - 867 gold pieces Weapons a - a blessed +1 quarterstaff (weapon in hands) H - 33 poisoned +0 orcish arrows L - a blessed poisoned +1 orcish arrow Armor e - an uncursed +0 cloak of magic resistance (being worn) r - an uncursed +0 pair of kicking boots (being worn) y - an uncursed +1 elven leather helm (being worn) z - an uncursed +0 studded leather armor (being worn) M - an uncursed +0 orcish cloak N - a blessed rotted +4 pair of leather gloves (being worn) Comestibles s - an uncursed tripe ration P - 2 uncursed food rations Scrolls j - 2 uncursed scrolls of charging k - 3 uncursed scrolls of remove curse p - a cursed scroll of identify q - an uncursed scroll of punishment v - an uncursed scroll of teleportation A - an uncursed scroll of light U - an uncursed scroll of create monster W - a cursed scroll of teleportation Spellbooks t - an uncursed spellbook of cancellation Potions f - an uncursed potion of monster detection g - an uncursed potion of sleeping o - an uncursed potion of hallucination x - a blessed potion of gain ability G - a blessed potion of levitation K - an uncursed potion of object detection O - an uncursed potion of confusion Rings c - an uncursed ring of warning (on right hand) d - an uncursed +4 ring of protection (on left hand) F - a cursed -2 ring of gain strength Wands b - a wand of sleep (0:4) B - a wand of sleep (0:8) Tools u - a +0 unicorn horn w - a cursed tallow candle (0:200) T - an uncursed blindfold Gems n - 2 uncursed jasper stones Y - an uncursed worthless piece of orange glass Spells and supernatural/magical abilities: Name Level Category Fail Memory a - force bolt 1 attack 0% 75% l - light 1 divination 0% 88% w - wizard lock 2 matter 76% 75% z - sleep 1 enchantment 0% 85% O - create monster 2 clerical 76% 85% U - detect unseen 3 divination 100% 94% W - pray for help -- divine ? -- Your skills at the end: Fighting Skills Weapon Skills quarterstaff [Basic] Spellcasting Skills attack spells [Skilled] enchantment spells [Basic] Final Attributes: You were piously aligned. You were poison resistant. You were magic-protected. You were warned. You were protected. You are dead. Vanquished creatures: 2 small mimics 4 wolves a black light a brown pudding a werewolf a lizard a dwarf lord a black unicorn 3 imps a water nymph 15 Uruk-hai 2 fog clouds a yellow light a gnome lord 2 kobold mummies 3 straw golems a paper golem 7 giant ants a dwarf 3 hill orcs 8 rothes 7 dwarf zombies 2 werejackals an iguana an acid blob 2 coyotes a gas spore a hobbit a hobgoblin 2 giant rats 3 cave spiders a red mold 2 gnomes 2 gnome zombies a gecko 11 jackals a fox 2 kobolds 3 goblins 14 grid bugs 2 lichens 2 kobold zombies 2 newts 124 creatures vanquished. Voluntary challenges: You were an atheist. You used a wielded weapon 138 times, starting on turn 79. You read items or engraved 17 times, starting on turn 849. You never genocided any monsters. You never polymorphed an object. You never changed form. You used no wishes. You never split a pudding. You never wrote Elbereth's name. You never violated your personal moral code. Dungeon overview: The Dungeons of Doom: levels 1 to 8 Level 1 a sink a long staircase Level 2 some fountains Level 3 a fountain a long staircase Level 4 an armor shop Level 5 a fountain Level 6 Level 7 <- You were here many fountains Level 8 History has recorded: On T:1 you entered the Dungeons of Doom to retrieve the Amulet of Yendor! On T:362 you reached level 2 of The Dungeons of Doom. On T:539 you reached level 3 of The Dungeons of Doom. On T:768 you advanced to experience level 2. On T:1062 you reached level 4 of The Dungeons of Doom. On T:1230 you reached level 5 of The Dungeons of Doom. On T:1360 you advanced to experience level 3. On T:1372 you advanced to experience level 4. On T:1630 you reached level 6 of The Dungeons of Doom. On T:1951 you advanced to experience level 5. On T:2284 you advanced to experience level 6. On T:3740 you reached level 7 of The Dungeons of Doom. On T:3827 you reached level 8 of The Dungeons of Doom. On T:3875 you advanced to experience level 7. Score breakdown: Gold: 867 ( 9995 points) Experience: 7 levels (13645 points) Exploration: 8 levels ( 15.38%) (11114 points) Discoveries: 7 items ( 2.44%) ( 4685 points) Valuables value: (no points given unless you survive) Artifact value: 0 ( 0 points) Variety of kills: 43 monsters ( 11.29%) (10078 points) Turncount: 5059 turns (-1371 points) Survival: died (score multiplied by 80%) Total score: 38516 Latest messages: The quasit misses. (2x) The quasit hits! The quasit misses. (2x) The housecat misses the quasit. The quasit hits! The quasit misses. The quasit bites! The housecat misses the quasit. The housecat bites the quasit. The quasit misses the housecat. (3x) The quasit hits! The quasit misses. The quasit bites! The housecat misses the quasit. The quasit hits! (2x) The quasit bites! The housecat misses the quasit. The quasit hits! The quasit misses. (2x) The quasit hits! The quasit misses. The quasit bites! The housecat misses the quasit. (2x) The quasit hits! You die... Final status: Goodbye wizbiz the Wizard, killed by a quasit, while frozen by a spellbook... You died in The Dungeons of Doom on dungeon level 7 with 38516 points, and 867 pieces of gold, after 5059 moves. You were level 7 with a maximum of 41 hit points when you died.